 Dungeon Crawl Stone Soup version 0.31-a0-818-ge7c7cf74f0 (webtiles) character file.

Game seed: 14938832193389174028

102 pokeman the Magician (level 4, -1/25 HPs)
             Began as a Deep Elf Hedge Wizard on Sept 22, 2023.
             Slain by an orc
             ... wielding a +0 flail
              (9 damage)
             ... on level 4 of the Dungeon.
             The game lasted 00:04:17 (2838 turns).

pokeman the Magician (Deep Elf Hedge Wizard)        Turns: 2838, Time: 00:04:18

Health: -1/25      AC:  3    Str:  7    XL:     4   Next: 49%
Magic:  11/13      EV: 12    Int: 25    God:
Gold:   38         SH:  0    Dex: 14    Spells: 6/14 levels left

rFire   . . .        n - +1 rapier (protect)
rCold   . . .        (no shield)
rNeg    . . .        q - +1 robe of Optimism {Int+4 Stlth+}
rPois   .            c - +0 hat
rElec   .            (no cloak)
rCorr   .            (no gloves)
SInv    .            (no boots)
Will    .....        m - amulet of regeneration
Stlth   +++          (no ring)
HPRegen 1.04/turn    (no ring)
MPRegen 0.13/turn

%: no passive effects
@: no status effects
A: no striking features
a: no special abilities


You were on level 4 of the Dungeon.
You visited 1 branch of the dungeon, and saw 4 of its levels.

You collected 112 gold pieces.
You spent 74 gold pieces at shops.

Inventory:

Hand Weapons
 n - a +1 rapier of protection (weapon)
Armour
 c - a +0 hat (worn)
 g - a scarf of invisibility
 q - the +1 robe of Optimism (worn) {Int+4 Stlth+}
   (You found it on level 3 of the Dungeon)

   Int+4:     It affects your intelligence (+4).
   Stlth+:    It makes you more stealthy.
Jewellery
 j - a ring of fire
 m - an amulet of regeneration (around neck)
Scrolls
 a - a scroll of teleportation {unknown}
 i - 2 scrolls of fog {unknown}
 k - a scroll of noise {unknown}
 l - a scroll of identify {unknown}
 o - 2 scrolls of revelation {unknown}
 r - a scroll of torment {unknown}
 u - a scroll of enchant weapon {unknown}
 w - a scroll of brand weapon {unknown}
Potions
 b - 3 potions of curing {unknown}
 d - a potion of magic
 e - 2 potions of enlightenment {unknown}
 f - a potion of might {unknown}
 h - a potion of lignification {unknown}
 p - 2 potions of heal wounds {unknown}
 s - a potion of berserk rage {unknown}
 t - a potion of mutation {unknown}
 v - 2 potions of ambrosia {unknown}


   Skills:
 - Level 1.0 Fighting
 - Level 1.0 Armour
 + Level 2.7 Dodging
 + Level 2.8 Stealth
 * Level 5.7 Spellcasting
 + Level 2.2 Conjurations
 - Level 1.1 Summonings
 - Level 1.1 Translocations


You had 6 spell levels left.
You knew the following spells:

 Your Spells              Type           Power      Damage    Failure   Level
a - Magic Dart            Conj           72%        1d6       3%          1
b - Mephitic Cloud        Conj/Pois/Air  10%        N/A       17%         3
c - Call Imp              Summ           24%        N/A       8%          2
d - Blink                 Tloc           24%        N/A       8%          2

Your spell library contained the following spells:

 Spells                   Type           Power      Damage    Failure   Level
 Slow                     Hex            28%        N/A       8%          1
 Cigotuvi's Dreadful Rot  Necr/Pois/Air  14%        N/A       12%         2


Dungeon Overview and Level Annotations

Branches:
Dungeon (4/15)
 Temple: D:4-7

Altars:
Hepliaklqana
Wu Jian
Yredelemnul

Shops:
D:1 *

Annotations:
D:4 Menkaure


Message History

The puff of flame hits you!
An orc comes into view. It is wielding a +0 hand axe.
Casting: Magic Dart (safe; 3% risk of failure)
Confirm with . or Enter, or press ? or * to list all spells.
Aiming: Mephitic Cloud (extremely dangerous; 17% risk of failure)
Press: ? - help, Shift-Dir - straight line, f - orc wizard
Aim: an orc wizard, wielding a +0 dagger and wearing a +0 robe (chance to affect: 86%)
The ball explodes into a vile cloud!
The stinking cloud engulfs the orc wizard but does no damage.
The orc wizard is engulfed in noxious fumes.
The orc wizard appears confused.
Unknown command.
Unknown command.
Menkaure, Prince of Dust comes into view.
The orc wizard barely misses you.
Menkaure shouts!
You hit the orc wizard.
Your weapon exudes an aura of protection.
The orc wizard is moderately wounded.
The orc wizard hits you but does no damage.
The orc hits you with a +0 hand axe. The orc hits you with a +0 hand axe.
The orc wizard closely misses the orc.
You hit the hobgoblin.
Your weapon exudes an aura of protection.
The hobgoblin is moderately wounded.
The hobgoblin hits you but does no damage.
Menkaure casts a spell.
Menkaure seems to speed up.
The orc closely misses you. x2
The hobgoblin misses you.
You completely miss the hobgoblin.
The hobgoblin is moderately wounded.
The orc closely misses you. The orc hits you with a +0 hand axe.
The hobgoblin closely misses you.
Menkaure calls on the powers of darkness!
The orc convulses! x2; The orc wizard convulses!
Your body is wracked with pain!
* * * LOW HITPOINT WARNING * * *
You closely miss the hobgoblin.
The hobgoblin is moderately wounded.
The orc hits you with a +0 flail!
You die...

.#.#####.# ' #.#
#.# #.# #.# #.#
#.# ## #g# .
....##@######...
#.....oo.o......#
#...........###.
#...........#
#...........#
####...M....#
#........#
#........#
..##..#####


You could see Menkaure (fast), an orc wizard (confused), 2 orcs and a hobgoblin.

Vanquished Creatures
  An adder (D:2)
  3 gnolls (D:2)
  An adder zombie (D:3)
  A worm (D:2)
  A dart slug (D:1)
  2 orcs (D:3)
  7 endoplasms
  A giant cockroach (D:1)
  6 goblins
  A hobgoblin (D:1)
  2 jackals (D:2)
  5 quokkas
  2 ball pythons
  A ball python skeleton (D:3)
  8 bats
  A frilled lizard (D:1)
  8 kobolds
  3 rats
54 creatures vanquished.

Notes
Turn   | Place    | Note
-------+----------+-------------------------------------------
     0 | D:1      | pokeman the Deep Elf Hedge Wizard began the quest for the
                  | Orb.
     0 | D:1      | Reached XP level 1. HP: 10/10 MP: 7/7
   240 | D:1      | Reached XP level 2. HP: 16/16 MP: 5/9
   496 | D:1      | Found Yguode's Assorted Antiques.
   617 | D:1      | Reached skill level 5 in Spellcasting
   992 | D:2      | Reached XP level 3. HP: 20/20 MP: 8/11
   996 | D:2      | Learned a level 3 spell: Mephitic Cloud
   999 | D:2      | Learned a level 2 spell: Call Imp
  1002 | D:2      | Learned a level 2 spell: Blink
  1223 | D:2      | Reached skill level 1 in Fighting
  1223 | D:2      | Reached skill level 1 in Armour
  1408 | D:2      | Reached XP level 4. HP: 25/25 MP: 8/13
  2003 | D:3      | Identified the +1 robe of Optimism {Int+4 Stlth+}
  2080 | D:1      | Bought a scroll labelled BEUNNO OLEROP for 20 gold pieces
  2080 | D:1      | Bought a red potion for 18 gold pieces
  2080 | D:1      | Bought 2 red potions for 36 gold pieces
  2530 | D:3      | Found a hazy altar of Hepliaklqana.
  2691 | D:3      | Found an ornate altar of the Wu Jian Council.
  2691 | D:3      | Found a basalt altar of Yredelemnul.
  2832 | D:4      | Noticed Menkaure
  2838 | D:4      | Slain by an orc

Illustrated notes

Levels and vault maps discovered:
D:1:      minmay_arrival_five_plusses, layout_rooms, serial_shops,
          nicolae_shop_tiny_statue_garden
D:2:      layout_loops_ring, chequers_serial_rivers_small_3,
          kennysheep_generic_room_14
D:3:      layout_basic, nzn_hepliaklqana_mist_gate,
          gammafunk_temple_overflow_elements, serial_undead, serial_undead_c,
          serial_undead_c, serial_undead_f, serial_undead_e
D:4:      layout_basic, enter_ossuary_1, uniq_grinder, uniq_menkaure,
          uniq_sigmund

Skill      XL: |  1  2  3 |
---------------+----------+-----
Spellcasting   | 5 |  5.7
Fighting       | 1 |  1.0
Armour         | 1 |  1.0
Conjurations   | 2 |  2.2
Dodging        | |  2.7
Stealth        | |  2.8
Summonings     | |  1.1
Translocations | |  1.1

Action                     |  1- 3 |  4- 6 || total
---------------------------+-------+-------++-------
  Melee: Dagger            |     9 |       ||     9
         Rapier            |    14 |     7 ||    21
   Cast: Magic Dart        |    74 |    52 ||   126
         Mephitic Cloud    |     3 |     1 ||     4
   Stab: Confused          |     1 |       ||     1
 Armour: Robe              |    13 |    15 ||    28
  Dodge: Dodged            |    22 |    21 ||    43

Table legend: (Time is in decaauts)
 A = Elapsed time spent in this place.
 B = Non-inter-level travel time spent in this place.
 C = Inter-level travel time spent in this place.
 D = Time resting spent in this place.
 E = Time spent auto-exploring this place.
 F = Levels seen in this place.
 G = Mean time per level.
                   A        B        C        D        E       F      G
               +--------+--------+--------+--------+--------+-----+--------+
         Total |   2844 |   2668 |    176 |      0 |   2332 |   4 |  711.0 |
       Dungeon |   2844 |   2668 |    176 |      0 |   2332 |   4 |  711.0 |
               +--------+--------+--------+--------+--------+-----+--------+

Top non-repeatable levels by time:
     D:2: 1124 daAuts
     D:1: 962 daAuts
     D:3: 733 daAuts
     D:4: 24 daAuts
